 Dungeon Crawl Stone Soup version 0.31-a0-986-g5e6e4ef867 (webtiles) character file.

Game seed: 13565368047986090043

857 TrayleKats the Firebug (level 7, 0/40 HPs)
             Began as a Deep Elf Fire Elementalist on Nov 15, 2023.
             Slain by a human zombie (1 damage)
             ... in an ossuary.
             The game lasted 00:07:21 (5260 turns).

TrayleKats the Firebug (Deep Elf Fire Elementalist) Turns: 5260, Time: 00:07:22

Health: 0/40       AC:  4    Str:  5    XL:     7   Next: 70%
Magic:  1/17       EV: 15    Int: 22    God:
Gold:   188        SH:  0    Dex: 21    Spells: 14/17 levels left

rFire   . . .        n - +1 falchion of Upheaval {freeze, rElec Will+}
rCold   . . .        (no shield)
rNeg    . . .        a - +0 robe
rPois   .            k - +1 helmet
rElec   +            (no cloak)
rCorr   .            (no gloves)
SInv    .            (no boots)
Will    +....        (no amulet)
Stlth   +++          w - +6 ring of dexterity
HPRegen 0.26/turn    (no ring)
MPRegen 0.15/turn

%: no passive effects
@: very slightly contaminated
A: no striking features
a: no special abilities


You were in an ossuary.
You visited 1 branch of the dungeon, and saw 5 of its levels.
You also visited: Sewer and Ossuary.

You collected 188 gold pieces.

Inventory:

Hand Weapons
 n - the +1 falchion of Upheaval (weapon) {freeze, rElec Will+}
   (You found it on level 2 of the Dungeon)

   rElec:     It insulates you from electricity.
   Will+:     It increases your willpower.
Missiles
 u - 6 curare-tipped darts
Armour
 a - a +0 robe (worn)
 k - a +1 helmet (worn)
 v - a +0 kite shield
Magical Staves
 s - a staff of poison
Jewellery
 w - a +6 ring of dexterity (left hand)
 y - a ring of flight
Wands
 q - a wand of paralysis (24)
Scrolls
 c - a scroll of fog {unknown}
 d - 2 scrolls of silence
 e - a scroll of butterflies {unknown}
 f - a scroll of fear {unknown}
 m - 7 scrolls of identify {unknown}
 o - a scroll of poison {unknown}
Potions
 g - a potion of curing
 h - 2 potions of invisibility {unknown}
 i - a potion of degeneration {unknown}
 j - a potion of brilliance {unknown}
 l - 4 potions of might
 p - a potion of haste {unknown}
 r - a potion of lignification {unknown}
 t - a potion of cancellation {unknown}
 x - a potion of heal wounds {unknown}


   Skills:
 + Level 2.3 Fighting
 + Level 5.0 Dodging
 - Level 3.2 Stealth
 + Level 5.5 Spellcasting
 + Level 3.9 Conjurations
 * Level 6.3 Fire Magic


You had 14 spell levels left.
You knew the following spells:

 Your Spells              Type           Power      Damage    Failure   Level
a - Foxfire               Conj/Fire      100%       2x1d9     1%          1
b - Scorch                Fire           66%        2d7       1%          2

Your spell library contained the following spells:

 Spells                   Type           Power      Damage    Failure   Level
 Momentum Strike          Conj/Tloc      28%        3d8       6%          2
 Inner Flame              Hex/Fire       19%        N/A       8%          3
 Volatile Blastmotes      Fire/Tloc      38%        2d13      8%          3
 Flame Wave               Conj/Fire      28%        2d9       12%         4
 Blink                    Tloc           12%        N/A       14%         2
 Lesser Beckoning         Tloc           12%        N/A       14%         2
 Sublimation of Blood     Necr           6%         N/A       14%         2
 Wereblood                Tmut           6%         N/A       14%         2
 Petrify                  Tmut/Erth      6%         N/A       67%         4
 Irradiate                Conj/Tmut      7%         3d14      75%         5


Dungeon Overview and Level Annotations

Branches:
Dungeon (5/15)              Sewer (visited)         Ossuary (1/1)
 Temple: D:4-7

Altars:
Elyvilon


Message History

Confirm with . or Enter, or press ? or * to list all spells.
Flames lash the elf zombie.
The elf zombie is burned terribly!
The elf zombie is heavily damaged.
The elf zombie closely misses you. The goblin zombie barely misses you.
Casting: Scorch (safe; 1% risk of failure)
Confirm with . or Enter, or press ? or * to list all spells.
Flames lash the human zombie.
The human zombie is moderately damaged.
The human zombie's fire resistance burns away.
The elf zombie barely misses you.
Casting: Scorch (safe; 1% risk of failure)
Confirm with . or Enter, or press ? or * to list all spells.
Flames lash the human zombie.
The human zombie is moderately damaged.
The human zombie's fire resistance burns away.
The elf zombie hits you.
* * * LOW HITPOINT WARNING * * *
The goblin zombie hits you.
* * * LOW HITPOINT WARNING * * *
You are too injured to fight recklessly!
You are too injured to fight recklessly!
Casting: Scorch (safe; 1% risk of failure)
Confirm with . or Enter, or press ? or * to list all spells.
You conjure some foxfire!
The elf zombie hits you.
* * * LOW HITPOINT WARNING * * *
Casting: Foxfire (safe; 1% risk of failure)
Confirm with . or Enter, or press ? or * to list all spells.
You miscast Foxfire.
You are very lightly contaminated with residual magic.
Nothing appears to happen.
The foxfire hits the goblin zombie.
The goblin zombie is heavily damaged.
The foxfire hits the goblin zombie!
You destroy the goblin zombie!
The human zombie is no longer more vulnerable to fire.
The elf zombie attacks as it pursues you!
The elf zombie hits you.
* * * LOW HITPOINT WARNING * * *
The human zombie attacks as it pursues you!
The human zombie hits you.
You die...

#.....................#
.......................
.......................
..##.......Z.......##.
.. #......Z........##.
M..........Z.........
..........ZZ.Z.......
.........#####........
...........@Z.Z.......
..........∩Z.........
####################


You could see an elf zombie (combustible) and 2 human zombies.

Vanquished Creatures
  Grinder (D:5)
  A water moccasin (Sewer)
  A black bear (D:5)
  A scorpion (D:5)
  A howler monkey (D:4)
  An orc priest (D:4)
  A hound (D:4)
  3 iguanas
  An orc wizard (D:4)
  A scorpion zombie (D:5)
  3 hound zombies
  6 adders
  An adder zombie (D:5)
  3 worms
  2 dart slugs
  5 orcs
  A ball python (D:1)
  An endoplasm (D:2)
  A giant cockroach (D:4)
  2 goblins
  8 hobgoblins
  3 jackals (Sewer)
  5 quokkas
  4 bats
  6 frilled lizards
  3 goblin zombies (Ossuary)
  2 jackal zombies (Ossuary)
  12 kobolds
  A kobold zombie (Ossuary)
  3 rats
84 creatures vanquished.

Vanquished Creatures (others)
  378 foxfires
378 creatures vanquished.

Grand Total: 462 creatures vanquished

Notes
Turn   | Place    | Note
-------+----------+-------------------------------------------
     0 | D:1      | TrayleKats the Deep Elf Fire Elementalist began the quest
                  | for the Orb.
     0 | D:1      | Reached XP level 1. HP: 10/10 MP: 6/6
   482 | D:1      | Reached XP level 2. HP: 15/15 MP: 4/8
  1141 | D:2      | Learned a level 2 spell: Scorch
  1185 | D:2      | Found a faded altar of an unknown god.
  1401 | D:2      | Reached XP level 3. HP: 18/19 MP: 5/9
  1656 | D:2      | Identified the +1 falchion of Upheaval {freeze, rElec
                  | Will+}
  2338 | D:3      | Reached XP level 4. HP: 24/24 MP: 4/11
  3553 | D:4      | Reached skill level 4 in Fire Magic
  3869 | D:4      | Reached XP level 5. HP: 24/28 MP: 1/13
  4311 | D:4      | Reached skill level 1 in Fighting
  4390 | D:4      | Found a white marble altar of Elyvilon.
  4615 | D:4      | Reached XP level 6. HP: 27/34 MP: 7/14
  4768 | D:5      | Entered Level 5 of the Dungeon
  4774 | D:5      | Reached skill level 5 in Fire Magic
  4821 | D:5      | Found a glowing drain.
  4830 | Sewer    | Entered a sewer
  4918 | Sewer    | Noticed a water moccasin
  4923 | Sewer    | Killed a water moccasin
  5016 | D:5      | Noticed Grinder
  5037 | D:5      | Reached skill level 5 in Spellcasting
  5037 | D:5      | Reached XP level 7. HP: 14/39 MP: 0/16
  5042 | D:5      | Killed Grinder
  5043 | D:5      | Reached skill level 6 in Fire Magic
  5130 | D:5      | Found a sand-covered staircase.
  5199 | Ossuary  | Entered an ossuary
  5252 | Ossuary  | Reached skill level 5 in Dodging
  5260 | Ossuary  | HP: 1/40 [elf zombie (4)]
  5260 | Ossuary  | Slain by a human zombie

Illustrated notes

Levels and vault maps discovered:
D:1:      wander_arrival_estate, layout_basic
D:2:      layout_basic, ebering_ecumenical_altar_box, serial_park_tiny_pond
D:3:      layout_loops_cross
D:4:      layout_cave_pools, nicolae_elyvilon_temple_path,
          chequers_serial_rivers_micro_c, chequers_serial_rivers_small_b
D:5:      layout_cave_pools, overflow_temple_1_default,
          mainiacjoe_overflow_brackets, portal_sewer_entry_d,
          mainiacjoe_ossuary_entry_find_the_door, uniq_grinder
Ossuary:  ossuary_minmay_tomb_2a

Skill      XL: |  1  2  3  4  5  6  7 |
---------------+----------------------+-----
Dodging        | 3 4 5 |  5.0
Stealth        | 3 |  3.2
Conjurations   | 2 3 |  3.9
Fire Magic     | 4 5 6 |  6.3
Spellcasting   | 4 5 |  5.5
Fighting       | 1 2 |  2.3

Action                     |  1- 3 |  4- 6 |  7- 9 || total
---------------------------+-------+-------+-------++-------
  Melee: Falchion          |     4 |     6 |    14 ||    24
   Cast: Foxfire           |    99 |   116 |    19 ||   234
         Scorch            |     9 |     9 |    14 ||    32
    Use: Scroll            |       |     7 |       ||     7
         Potion            |       |       |     4 ||     4
 Armour: Robe              |     9 |     8 |    59 ||    76
  Dodge: Dodged            |    10 |    17 |    59 ||    86

Table legend: (Time is in decaauts)
 A = Elapsed time spent in this place.
 B = Non-inter-level travel time spent in this place.
 C = Inter-level travel time spent in this place.
 D = Time resting spent in this place.
 E = Time spent auto-exploring this place.
 F = Levels seen in this place.
 G = Mean time per level.
                   A        B        C        D        E       F      G
               +--------+--------+--------+--------+--------+-----+--------+
         Total |   5287 |   5176 |    111 |   1120 |   3346 |   7 |  755.3 |
       Dungeon |   5041 |   4930 |    111 |   1120 |   3222 |   5 | 1008.2 |
         Sewer |    185 |    185 |      0 |      0 |    123 |   1 |  185.0 |
       Ossuary |     60 |     60 |      0 |      0 |      0 |   1 |   60.0 |
               +--------+--------+--------+--------+--------+-----+--------+

Top non-repeatable levels by time:
     D:2: 1373 daAuts
     D:4: 1219 daAuts
     D:1: 1131 daAuts
     D:3: 1047 daAuts
     D:5: 269 daAuts
   Sewer: 185 daAuts
 Ossuary: 60 daAuts
